 Dungeon Crawl Stone Soup version 0.14-a0-1773-ge500af7 (webtiles) character file.

151 ReteAZ the Cudgeler (level 4, -2/48 HPs)
             Began as an Ogre Berserker on Jan 7, 2014.
             Was a Believer of Trog.
             Slain by a gnoll
             ... wielding a +2,+1 spear
              (4 damage)
             ... on Level 3 of the Dungeon.
             The game lasted 00:03:26 (1527 turns).

ReteAZ the Cudgeler (Ogre Berserker)                Turns: 1527, Time: 00:03:26

HP  -2/48        AC  3     Str 23      XL: 4   Next: 22%
MP   4/4         EV 10     Int  6      God: Trog [**....]
Gold 81          SH  0     Dex  9      Spells:  0 memorised,  3 levels left

rFire  . . .     SeeInvis .     a - +0 mace
rCold  . . .     Clarity  .     b - +0 animal skin
rNeg   . . .     Conserve .     (shield restricted)
rPois  .         rCorr    .     (helmet restricted)
rElec  .         rRot     .     (no cloak)
SustAb + .       Spirit   .     (gloves unavailable)
rMut   .         Warding  .     (boots unavailable)
Saprov + . .     Stasis   .     (no amulet)
                                (no ring)
                                i - ring of sustain abilities {unknown}

@: slightly resistant to hostile enchantments, very unstealthy
A: unfitting armour, fast metabolism 1, saprovore 1, tough skin 1
a: Burn Spellbooks, Berserk, Trog's Hand, Renounce Religion


You were on level 3 of the Dungeon.
You worshipped Trog.
Trog was pleased with you.
You were not hungry.

You visited 1 branch of the dungeon, and saw 3 of its levels.

You collected 81 gold pieces.

Inventory:

Hand weapons
 a - a +0,+0 mace (weapon)
Armour
 b - a +0 animal skin (worn)
Comestibles
 c - 3 meat rations
 g - 2 bread rations
Scrolls
 d - a scroll of enchant weapon I {unknown}
 e - 3 scrolls of fog {unknown}
 f - 3 scrolls of teleportation {unknown}
 h - 4 scrolls of identify {unknown}
 l - 4 scrolls of remove curse {unknown}
 o - a scroll of recharging {unknown}
 q - a scroll of noise {unknown}
Jewellery
 i - a ring of sustain abilities (left hand) {unknown}
 m - an uncursed ring of regeneration
Potions
 k - a potion of beneficial mutation {unknown}
 n - a potion of heal wounds {unknown}
 p - a potion of lignification {unknown}


   Skills:
 - Level 4.0 Fighting
 + Level 6.5 Maces & Flails
 - Level 2.9 Dodging


You had 3 spell levels left.
You didn't know any spells.

Dungeon Overview and Level Annotations

Branches:
Dungeon (3/16)

Altars:


Innate Abilities, Weirdness & Mutations

You are too large for most types of armour.
You have a fast metabolism.
You can tolerate rotten meat.
You have tough skin (AC +1).


Message History

The gnoll is severely wounded.
The gnoll hits you with a whip!
The gnoll hits you from afar with a spear.
You hit the gnoll.
You kill the gnoll!
Trog accepts your kill.
The gnoll hits you from afar with a spear.
The gnoll hits you from afar with a spear.
* * * LOW HITPOINT WARNING * * *
You hit the gnoll.
The gnoll is moderately wounded.
The gnoll hits you with a spear!
* * * LOW HITPOINT WARNING * * *
The gnoll barely misses you.
You barely miss the gnoll.
The gnoll is moderately wounded.
The gnoll barely misses you. The gnoll hits you with a whip.
* * * LOW HITPOINT WARNING * * *
The gnoll hits you from afar with a spear.
You die...

#...........#
######.######
#.######.########
.................
#.######.########
#....<...........
#####.#.##.####.#
#.#.......#.#
#.#....#@.#.#
#.####.#.##.#
#......#gg#.#
#########.#.##
###########....#....
....((.)g............
#################+##


You could see 2 gnolls.

Vanquished Creatures
  A gnoll (D:3)
  An adder (D:2)
  A worm (D:1)
  3 giant cockroaches
  6 hobgoblins
  4 jackals (D:3)
  7 kobolds
  4 bats
  4 giant newts
  8 goblins
  8 rats
47 creatures vanquished.

Notes
Turn   | Place    | Note
--------------------------------------------------------------
     0 | D:1      | ReteAZ, the Ogre Berserker, began the quest for the Orb.
     0 | D:1      | Reached XP level 1. HP: 24/24 MP: 1/1
   299 | D:1      | Reached XP level 2. HP: 32/32 MP: 2/2
   391 | D:1      | Acquired Trog's second power
   391 | D:1      | Reached skill level 5 in Maces & Flails
   638 | D:1      | Reached XP level 3. HP: 14/39 MP: 3/3
  1039 | D:2      | Reached skill level 6 in Maces & Flails
  1445 | D:3      | Reached XP level 4. HP: 40/48 MP: 4/4
  1526 | D:3      | HP: 2/48 [gnoll/whip (4)]
  1527 | D:3      | Slain by a gnoll

Action                   |  1- 3 |  4- 6 || total
-------------------------+-------+-------++-------
Melee: Mace              |   132 |    18 ||   150
Throw: Dart              |       |     3 ||     3
